 Dungeon Crawl Stone Soup version 0.31-a0-152-g6aa68a64a1 (webtiles) character file.

Game seed: 6997756943601275075

62 qw the Shooter (level 4, 0/28 HPs)
             Began as a Gargoyle Hunter on June 10, 2023.
             Frozen to death by an endoplasm (2 damage)
             ... on level 3 of the Dungeon.
             The game lasted 00:00:29 (1326 turns).

qw the Shooter (Gargoyle Hunter)                    Turns: 1326, Time: 00:00:30

Health: 0/28       AC:  6    Str: 14    XL:     4   Next: 8%
Magic:  4/4        EV: 12    Int:  8    God:
Gold:   84         SH:  0    Dex: 19    Spells: 3/3 levels left

rFire   . . .        Y - +1 shortbow
rCold   . . .        (shield currently unavailable)
rNeg    + . .        c - +0 leather armour
rPois   inf          (no helmet)
rElec   +            a - scarf {repulsion}
rCorr   .            (no gloves)
SInv    .            (no boots)
Will    .....        (no amulet)
Stlth   ++           (no ring)
HPRegen 0.24/turn    (no ring)
MPRegen 0.09/turn

%: repel missiles
@: no status effects
A: sickness immunity, AC +3, negative energy resistance 1, electricity
resistance, torment resistance 1, petrification resistance, agile 1
a: no special abilities


You were on level 3 of the Dungeon.
You visited 1 branch of the dungeon, and saw 3 of its levels.

You collected 84 gold pieces.


Innate Abilities, Weirdness & Mutations

You are immune to sickness and miasma.
Your stone body is resilient. (AC +3)
You are immune to poison.
You resist negative energy. (rN+)
You are resistant to electric shocks. (rElec)
You are resistant to unholy torment.
You are immune to petrification.
You are agile. (Dex +4, Str/Int -1)


   Skills:
 - Level 3.0 Fighting
 + Level 5.1 Ranged Weapons
 - Level 1.5 Dodging
 - Level 1.1 Stealth


You had 3 spell levels left.
You didn't know any spells.
Your spell library was empty.

Inventory:

Hand Weapons
 Y - a +1 shortbow (weapon)
Armour
 a - a scarf of repulsion (worn)
 c - a +0 leather armour (worn)
 d - a +0 cloak
Potions
 b - 2 potions of berserk rage {unknown}
 e - a potion of curing
 f - a potion of haste {unknown}
 h - a potion of brilliance {unknown}
 j - a potion of ambrosia {unknown}

Dungeon Overview and Level Annotations

Branches:
Dungeon (3/15)

Altars:

Shops:
D:1 *


Message History

The orc shouts!
An orc comes into view. It is wielding a +0 club.
You shoot an arrow. The arrow closely misses the adder.
The orc shouts!
The adder bites you.
You shoot an arrow. The arrow closely misses the adder.
The adder bites you but does no damage. The endoplasm hits you.
You shoot an arrow. The arrow hits the adder.
The adder is severely wounded.
The adder bites you. x2; The endoplasm barely misses you.
You shoot an arrow. The arrow closely misses the adder.
The adder bites you.
The endoplasm hits you but does no damage.
The adder barely misses you.
You shoot an arrow. The arrow hits the adder.
You kill the adder!
The endoplasm barely misses you. The orc closely misses you.
You have reached level 4!
You feel stronger.
You shoot an arrow. The arrow hits the orc.
The orc is lightly wounded.
The endoplasm hits you but does no damage.
The orc closely misses you. The endoplasm barely misses you.
The orc hits you with a +0 flail.
You shoot an arrow. The arrow hits the orc.
The orc is moderately wounded.
The endoplasm freezes you.
You are frozen.
The orc hits you with a +0 club. The orc completely misses you.
You shoot an arrow. The arrow hits the orc.
The orc is severely wounded.
The endoplasm freezes you.
You are frozen.
The orc hits you but does no damage. The orc barely misses you.
You shoot an arrow. The arrow hits the orc!
You kill the orc!
The endoplasm misses you. The orc misses you.
You shoot an arrow. The arrow hits the orc.
The orc is almost dead.
The endoplasm hits you. The orc hits you with a +0 club. x2
The endoplasm freezes you.
You are frozen.
You die...

#.#.#.####...>....##
#.'.#P.##..........#
#####._.#####......###
##..#P'.#........#
##.#.#.#........<
#...#.#......###
#8###.#......##
#.....#.......##
..#@#####.........
......J)o...).........
.....$..#...%......##.
...........<.......#
..##.#.............# .
....##.%.......##
..#.# #..........>
...#. ......##>....
........ .....


You could see an orc and an endoplasm.

Vanquished Creatures
  3 adders
  2 orcs (D:3)
  2 ball pythons (D:3)
  An endoplasm (D:1)
  A giant cockroach (D:2)
  7 goblins
  5 hobgoblins
  A quokka (D:2)
  6 bats
  3 kobolds
  2 rats (D:2)
33 creatures vanquished.

Notes
Turn   | Place    | Note
-------+----------+-------------------------------------------
     0 | D:1      | qw the Gargoyle Hunter began the quest for the Orb.
     0 | D:1      | Reached XP level 1. HP: 12/12 MP: 1/1
     0 | D:1      | 0 ||| qw: Version: 0.2-a-123-gb51047a
     0 | D:1      | 0 ||| qw: Game counter: 3735
     0 | D:1      | 0 ||| qw: Always use a shield: true
     0 | D:1      | 0 ||| qw: God list: Okawaru
     0 | D:1      | 0 ||| qw: Allow faded altars: false
     0 | D:1      | 0 ||| qw: Do Orc after D:15 true
     0 | D:1      | 0 ||| qw: Do second Lair branch before Depths: true
     0 | D:1      | 0 ||| qw: Lair rune preference: random
     0 | D:1      | 0 ||| qw: Plans: Normal, Zot:1-4, Slime:5, God:TSO, Crypt,
                  | Tomb, Abyss, Pan, Hells, Win
     0 | D:1      | 0 ||| PLANNING D:1-11
    68 | D:1      | Found Gacruej's Assorted Antiques.
    76 | D:1      | 76 ||| SHOPLISTING blue potion (15 gold, have 2).
    76 | D:1      | 76 ||| SHOPLISTING fuming purple potion (15 gold, have 2).
    76 | D:1      | 76 ||| SHOPLISTING long ivory wand (68 gold, have 2).
    76 | D:1      | 76 ||| SHOPLISTING ring mail (68 gold, have 2).
    76 | D:1      | 76 ||| SHOPLISTING scroll labelled OZENOD GEJEIK (17 gold,
                  | have 2).
    76 | D:1      | 76 ||| SHOPLISTING scroll labelled PUIPAO FEOR (17 gold,
                  | have 2).
   188 | D:1      | Reached XP level 2. HP: 15/17 MP: 2/2
   502 | D:1      | 502 ||| UPGRADING to +0 cloak.
   507 | D:1      | 507 ||| READING scroll labelled CEETUG POREL.
   510 | D:1      | 510 ||| READING scroll labelled UDIARI BOALA.
   511 | D:1      | 511 ||| READING scroll labelled HOMACS ULALYIM.
   511 | D:1      | Identified a scroll of acquirement
   511 | D:1      | 511 ||| ACQUIRING scarf of repulsion
   511 | D:1      | Acquired a scarf of repulsion
   513 | D:1      | 513 ||| UPGRADING to scarf of repulsion.
   523 | D:1      | 523 ||| READING scroll labelled ROPUFY IBEURAS.
   524 | D:1      | 524 ||| READING scroll labelled ESTOPL SUEN.
   525 | D:1      | 525 ||| DRINKING 2 blue potions.
   526 | D:1      | 526 ||| DROPPING scroll of butterflies.
   692 | D:2      | Reached XP level 3. HP: 21/21 MP: 3/3
   793 | D:2      | Reached skill level 5 in Ranged Weapons
  1201 | D:2      | 1201 ||| READING scroll labelled QAPRAM GIGO.
  1202 | D:2      | 1202 ||| DRINKING 3 silvery potions.
  1202 | D:2      | Gained mutation: Your flesh is cold resistant. (rC+)
                  | [potion of mutation]
  1202 | D:2      | Gained mutation: You occasionally lose the ability to drink
                  | potions when taking damage. [potion of mutation]
  1202 | D:2      | Lost mutation: Your flesh is cold resistant. (rC+) [potion
                  | of mutation]
  1202 | D:2      | Gained mutation: You are agile. (Dex +4, Str/Int -1)
                  | [potion of mutation]
  1203 | D:2      | 1203 ||| DRINKING 2 potions of mutation.
  1203 | D:2      | Lost mutation: You are agile. (Dex +4, Str/Int -1) [potion
                  | of mutation]
  1203 | D:2      | Lost mutation: You occasionally lose the ability to drink
                  | potions when taking damage. [potion of mutation]
  1203 | D:2      | Gained mutation: You are frail. (-10% HP) [potion of
                  | mutation]
  1203 | D:2      | Gained mutation: You have sharp toenails. [potion of
                  | mutation]
  1204 | D:2      | 1204 ||| DRINKING potion of mutation.
  1204 | D:2      | Lost mutation: You have sharp toenails. [potion of
                  | mutation]
  1204 | D:2      | Lost mutation: You are frail. (-10% HP) [potion of
                  | mutation]
  1204 | D:2      | Gained mutation: You are agile. (Dex +4, Str/Int -1)
                  | [potion of mutation]
  1281 | D:3      | Found a faded altar of an unknown god.
  1315 | D:3      | Reached skill level 3 in Fighting
  1322 | D:3      | Reached XP level 4. HP: 19/28 MP: 4/4
  1324 | D:3      | HP: 6/28 [frozen (2)]
  1326 | D:3      | HP: 2/28 [orc/+0 club (2)]
  1326 | D:3      | Frozen to death by an endoplasm

Levels and vault maps discovered:
D:1:      ldierk_walled_garden_2, layout_basic, serial_shops, shop
D:2:      layout_loops_ring
D:3:      layout_rooms, kennysheep_slug_shrine, shapermc_ecumenical_altar_ellora

Skill      XL: |  1  2  3 |
---------------+----------+-----
Ranged Weapons | 5 |  5.1
Fighting       | 3 |  3.0
Dodging        | |  1.5
Stealth        | |  1.1

Action                     |  1- 3 |  4- 6 || total
---------------------------+-------+-------++-------
   Fire: Shortbow          |    80 |     5 ||    85
    Use: Scroll            |     6 |       ||     6
         Potion            |     4 |       ||     4
 Armour: Leather armour    |    16 |     2 ||    18
  Dodge: Dodged            |    21 |     6 ||    27

Table legend:
 A = Non-vault XP
 B = Vault XP
 C = Vault XP percentage of total XP
 D = Non-vault monster count
 E = Vault monster count
 F = Vault count percentage of total count
                 A         B        C        D         E       F
            +---------+---------+-------+---------+---------+-------
      Total |      89 |       0 |   0.0 |      33 |       0 |   0.0
            +---------+---------+-------+---------+---------+-------
        D:1 |      16 |       0 |   0.0 |      11 |       0 |   0.0
        D:2 |      49 |       0 |   0.0 |      16 |       0 |   0.0
        D:3 |      24 |       0 |   0.0 |       6 |       0 |   0.0
            +---------+---------+-------+---------+---------+-------
